 Dungeon Sprint DCSS version 0.21-a0-405-gf2af9a1 (webtiles) character file.

537967 Kidiri the Conqueror (level 21, -15/244 HPs)
             Began as a Demonspawn Gladiator on Nov 1, 2017.
             Was a High Priest of Okawaru.
             Killed from afar by a hellion (27 damage)
             ... with damnation
             ... summoned by Cerebov
             ... in the Dungeon (Sprint IX: "|||||||||||||||||||||||||||||").
             The game lasted 01:44:18 (45404 turns).

Kidiri the Conqueror (Demonspawn Gladiator)        Turns: 45404, Time: 01:44:19

Health: -15/244    AC: 43    Str: 31    XL:     21   Next: 81%
Magic:  34/34      EV: 26    Int: 15    God:    Okawaru [*****.]
Gold:   1175       SH:  0    Dex: 19    Spells: 47/47 levels left

rFire    + + .     SeeInvis +   R - +5 triple sword "Cemuxuf" {slice, +Fly Str+7 Int+2}
rCold    + + .     Gourm    .   (shield currently unavailable)
rNeg     . . .     Faith    .   C - +8 gold dragon scales
rPois    +         Spirit   .   E - +0 mask of the Dragon {MR+ Slay+3 SInv}
rElec    .         Reflect  .   O - +2 cloak
rCorr    +         Harm     .   d - +2 pair of gloves {Str+3}
MR       +++..     Clarity  +   (boots unavailable) Stlth +++.......NoTele +
                                Z - amulet of rage
HPRegen  0.00/turn              A - ring "Tauhos" {rPois rF+ Str+3 Int+3 Stlth+}
MPRegen  0.24/turn              h - ring "Giplopiyss" {rCorr Str+2}

@: heroism, finesse
A: fangs 1, hooves 3, blurry vision 1, clarity, clumsy 1, cold resistance 1,
icemail, low mp 1, magic resistance 1, robust 2, inhibited regeneration, spiny
2, weak 1, no potion heal 1, freezing cloud immunity, sturdy frame 2
}: 9/15 runes: decaying, serpentine, barnacled, slimy, elven, silver, golden,
abyssal, gossamer
a: Heroism, Finesse, Renounce Religion, Evoke Berserk Rage, Evoke Flight


You were in the Dungeon.
You worshipped Okawaru.
Okawaru was extremely pleased with you.
You were not hungry.

You visited 1 branch You collected 1943 gold pieces.
You spent 768 gold pieces at shops.

Inventory:

Hand Weapons
 a - a +2 shortbow of flaming
 R - the +5 triple sword "Cemuxuf" (weapon) {slice, +Fly Str+7 Int+2}
   (You found it in the Dungeon)

   It inflicts extra damage upon your enemies.
   It affects your strength (+7).
   It affects your intelligence (+2).
   It lets you fly.
Missiles
 L - 19 javelins of returning (quivered)
 N - 71 javelins
 Q - 16 tomahawks
 S - 12 poisoned javelins
Armour
 d - a +2 pair of gloves of strength (worn)
 C - +8 gold dragon scales (worn)
 E - the +0 mask of the Dragon (worn) {MR+ Slay+3 SInv}
   (You bought it in a shop in the Dungeon)

   It affects your accuracy and damage with ranged weapons and melee attacks
   (+3).
   It affects your resistance to hostile enchantments.
   It lets you see invisible.
 O - a +2 cloak (worn)
Jewellery
 h - the ring "Giplopiyss" (right hand) {rCorr Str+2}
   (You found it in the Dungeon)

   [ring of resist corrosion]

   It affects your strength (+2).
 A - the ring "Tauhos" (left hand) {rPois rF+ Str+3 Int+3 Stlth+}
   (You found it in the Dungeon)

   [ring of stealth]

   It affects your strength (+3).
   It affects your intelligence (+3).
   It protects you from fire.
   It protects you from poison.
   It makes you more stealthy.
 Z - an amulet of rage (around neck)
Wands
 b - a wand of iceblast (4/15)
 p - a wand of iceblast (7/15)
 F - a wand of acid (12/15)
Scrolls
 f - a scroll of remove curse
 k - 6 scrolls of blinking
 o - 2 scrolls of amnesia
 u - 2 scrolls of fear
 w - 6 scrolls of enchant weapon
 x - 5 scrolls of recharging
 H - a scroll of fog
 T - a scroll of identify
Potions
 e - a potion of invisibility
 g - 3 potions of haste
 i - 4 potions of magic
 j - 3 potions of berserk rage
 l - 3 potions of agility
 m - 3 potions of curing
 t - 5 potions of brilliance
 z - a potion of resistance
 B - 2 potions of might
Comestibles
 v - 6 meat rations


   Skills:
 O Level 27 Fighting
 O Level 27 Long Blades
 O Level 27 Throwing
 O Level 27 Armour
 O Level 27 Dodging
 O Level 27 Stealth
 + Level 13.7(18.7) Unarmed Combat
 + Level 13.7 Spellcasting
 O Level 27 Invocations
 O Level 27 Evocations


You had 47 spell levels left.
You didn't know any spells.

Dungeon Overview and Level Annotations

Branches:
Dungeon (1/1)

Altars:
Cheibriados
Dithmenos
Elyvilon
Fedhas
Gozag
Hepliaklqana
Kikubaaqudgha
Makhleb
Nemelex Xobeh
Okawaru
Qazlal
Ru
Sif Muna
Trog
Uskayaw
Vehumet
Wu Jian
Xom
Yredelemnul
Zin
The Shining One
Beogh
Jiyva
Lugonu

Shops:
D [:*:

Annotations:
D Asmodeus, Cerebov, Gloorx Vloq


Innate Abilities, Weirdness & Mutations

You have hooves in place of feet.
Your flesh is cold resistant. (rC+)
A meltable icy envelope protects you from harm. (AC +0)
You are very robust. (+20% HP)
You are mostly covered in sharp spines.
You are immune to freezing clouds.
Your movements are less encumbered by armour. (ER -4)
You have very sharp teeth.
Scrolls take you a little longer to read.
You possess an exceptional clarity of mind.
You are clumsy. (Dex -2)
Your magical capacity is low. (-10% MP)
You are resistant to hostile enchantments. (MR+)
You do not regenerate when monsters are visible.
You are weak. (Str -2)
Potions are less effective at restoring your health.


Message History

The sphere of damnation explodes!
The damnation engulfs you!
* * * LOW HITPOINT WARNING * * *
Unknown command.
Unknown command.
Your system partially rejects the healing.
You feel better.
Cerebov is no longer moving quickly.
Unknown command.
Unknown command.
Your system partially rejects the healing.
You feel better.
Unknown command.
Really walk into that cloud of flame?
You are engulfed in blazing flames.
You resist.
Cerebov shouts, "Escape, thou twisted ditch-delivered snake-molt!"
Cerebov gestures.
Unknown command.
Unknown command.
The hellion gestures at you.
The sphere of damnation explodes!
The damnation engulfs you!
You die...

▓.▓.▓.▓.▓.▓.▓.▓.▓'
▓.▓.▓.▓.▓.▓.▓.▓.▓.
▓1▓.▓.▓.▓.▓.▓.▓.▓)
▓&▓.▓.▓.▓.▓.▓)▓.▓[
▓.▓.▓.▓.▓.▓.▓'▓.▓)
▓2▓.▓.▓.▓.▓.▓.▓.▓)
▓.▓.▓.▓.▓)▓.▓.▓.▓)
▓.▓.▓.▓.▓)▓.▓.▓.▓%
▓@▓.▓'▓.▓)▓.▓.▓.▓)
▓.▓.▓.▓.▓.▓.▓.▓.▓(
▓.▓.▓.▓.▓'▓.▓.▓.▓'
▓.▓.▓.▓.▓.▓.▓.▓.▓.
▓.▓.▓.▓.▓.▓.▓.▓.▓.
▓...▓...▓...▓...▓.
▓▓▓▓▓▓▓▓▓▓▓▓▓▓▓▓▓▓


You could see Cerebov, an Executioner and a hellion.

Vanquished Creatures
  the Royal Jelly (D)
  Ereshkigal (D)
  4 orbs of fire (D)
  Mara (D)
  4 ancient liches (D)
  Mennas (D)
  6 greater mummies (D)
  Frederick (D)
  Margery (D)
  Xtahua (D)
  Saint Roka (D)
  2 Killer Klowns (D)
  Jory (D)
  Geryon (D)
  6 golden dragons (D)
  A bone dragon (D)
  An electric golem (D)
  2 liches (D)
  5 tentacled monstrosities (D)
  26 Orb Guardians (D)
  2 quicksilver dragons (D)
  11 acid blobs (D)
  A deep elf master archer (D)
  A deep elf blademaster (D)
  12 sphinxes (D)
  2 death cobs (D)
  5 storm dragons (D)
  9 shadow dragons (D)
  A tengu reaver (D)
  2 fire giants (D)
  6 nagarajas (D)
  3 frost giants (D)
  A draconian monk (D)
  Ilsuiw (D)
  5 azure jellies (D)
  3 ghost moths (D)
  A draconian scorcher (D)
  Louise (D)
  2 deep elf sorcerers (D)
  2 vault wardens (D)
  4 draconian shifters (D)
  A large abomination (D)
  2 ironheart preservers (D)
  6 emperor scorpions (D)
  A draconian annihilator (D)
  4 draconian stormcallers (D)
  5 yellow draconians (D)
  8 vampire knights (D)
  A starcursed mass (D)
  6 stone giants (D)
  5 green draconians (D)
  3 deep elf demonologists (D)
  Azrael (D)
  2 white draconians (D)
  4 deep elf annihilators (D)
  2 black draconians (D)
  2 spark wasps (D)
  3 red draconians (D)
  2 purple draconians (D)
  5 merfolk javelineers (D)
  2 deep elf death magi (D)
  3 ettins (D)
  15 death oozes (D)
  A deep elf high priest (D)
  3 mummy priests (D)
  4 yaktaur captains (D)
  5 merfolk impalers (D)
  4 fire dragons (D)
  Josephine (D)
  25 vault guards (D)
  4 ice dragons (D)
  A ghost crab (D)
  9 hydras (D)
  2 anacondas (D)
  3 naga warriors (D)
  A death knight (D)
  An alligator (D)
  A centaur warrior (D)
  A merfolk avatar (D)
  3 merfolk aquamancers (D)
  6 two-headed ogres (D)
  9 ogre magi (D)
  2 deep troll earth magi (D)
  2 naga sharpshooters (D)
  A shock serpent (D)
  An orc high priest (D)
  5 hell knights (D)
  Sonja (D)
  A sea snake (D)
  A spriggan druid (D)
  A deep elf archer (D)
  4 swamp dragons (D)
  An unseen horror (D)
  5 ironbrand convokers (D)
  An orb spider (D)
  2 necromancers (D)
  An ugly thing (D)
  4 orc knights (D)
  4 wolf spiders (D)
  A shining eye (shapeshifter) (D)
  A manticore (D)
  2 merfolk sirens (D)
  Maurice (D)
  6 moths of wrath (D)
  Joseph (D)
  5 naga magi (D)
  3 guardian serpents (D)
  2 smoke demons (D)
  An orange demon (D)
  4 spiny frogs (D)
  2 vault sentinels (D)
  4 yaktaurs (D)
  A kobold demonologist (D)
  19 guardian mummies (D)
  2 demonic crawlers (D)
  A tengu conjurer (D)
  A wandering mushroom (D)
  2 merfolk (D)
  A tyrant leech (D)
  A jumping spider (D)
  3 hornets (D)
  A blink frog (D)
  3 trolls (D)
  5 slime creatures (D)
  A polar bear (D)
  A snapping turtle (D)
  2 tarantellas (D)
  A redback (D)
  A vampire (D)
  A ynoxinul (D)
  A wyvern (D)
  3 wraiths (D)
  A fire elemental (D)
  11 spriggans (D)
  A yak (D)
  Grum (D)
  A vampire mosquito (D)
  2 golden eyes (D)
  2 wargs (D)
  4 acid dragons (D)
  An insubstantial wisp (D)
  3 water moccasins (D)
  2 porcupines (D)
  8 hell hounds (D)
  An ice beast (D)
  12 orc warriors (D)
  A black bear (D)
  A phantom (D)
  4 floating eyes (D)
  2 swamp drakes (D)
  4 ogres (D)
  2 boggarts (D)
  7 wolves (D)
  A crocodile (D)
  A centaur (D)
  5 bullfrogs (D)
  A howler monkey (D)
  A crimson imp (D)
  A quasit (D)
  A jelly (D)
  4 orc priests (D)
  3 orc wizards (D)
  3 small abominations (D)
  2 adders (D)
  A white imp (D)
  An adder skeleton (D)
  A leopard gecko (D)
  12 orcs (D)
  A bat (D)
  A bat skeleton (D)
  A goblin (D)
  2 hobgoblins (D)
  A ball python skeleton (D)
  A leopard gecko zombie (D)
  A rat (D)
  3 fire vortices (D)
550 creatures vanquished.

Notes
Turn   | Place    | Note
-------+----------+-------------------------------------------
     0 | D        | Kidiri the Demonspawn Gladiator began the quest for the Orb.
     0 | D        | Reached XP level 1. HP: 16/16 MP: 1/1
    36 | D        | Noticed a jelly
    41 | D        | Reached skill level 1 in Armour
    41 | D        | Reached skill level 1 in Stealth
    41 | D        | Gained mutation: Your flesh is cold resistant. (rC+) [demonic ancestry]
    41 | D        | Reached XP level 2. HP: 18/24 MP: 2/2
    59 | D        | Reached XP level 3. HP: 11/29 MP: 3/3
    72 | D        | Found a roughly hewn altar of Beogh.
    72 | D        | Found a snail-covered altar of Cheibriados.
    72 | D        | Found a shadowy altar of Dithmenos.
    72 | D        | Found a white marble altar of Elyvilon.
    72 | D        | Found a blossoming altar of Fedhas.
    72 | D        | Found an opulent altar of Gozag.
    73 | D        | Found a hazy altar of Hepliaklqana.
    74 | D        | Found a viscous altar of Jiyva.
    75 | D        | Found an ancient bone altar of Kikubaaqudgha.
    76 | D        | Found a corrupted altar of Lugonu.
    77 | D        | Found a burning altar of Makhleb.
    78 | D        | Found a sparkling altar of Nemelex Xobeh.
    79 | D        | Found an iron altar of Okawaru.
    80 | D        | Found a stormy altar of Qazlal.
    81 | D        | Found a sacrificial altar of Ru.
    82 | D        | Found a deep blue altar of Sif Muna.
    83 | D        | Found a bloodstained altar of Trog.
    84 | D        | Found a hide-covered altar of Uskayaw.
    85 | D        | Found a radiant altar of Vehumet.
    86 | D        | Found an ornate altar of the Wu Jian Council.
    87 | D        | Became a worshipper of Warmaster Okawaru
    88 | D        | Found a shimmering altar of Xom.
    89 | D        | Found a basalt altar of Yredelemnul.
    90 | D        | Found a glowing silver altar of Zin.
    91 | D        | Found a glowing golden altar of the Shining One.
   170 | D        | Noticed a phantom
   170 | D        | Noticed a black bear
   178 | D        | Gained mutation: You are immune to freezing clouds. [demonic ancestry]
   178 | D        | Reached XP level 4. HP: 24/38 MP: 4/4
   183 | D        | Killed a black bear
   183 | D        | Reached skill level 5 in Fighting
   183 | D        | Reached skill level 5 in Long Blades
   183 | D        | Reached skill level 5 in Dodging
   183 | D        | Reached XP level 5. HP: 17/44 MP: 5/5
   204 | D        | Killed a phantom
   204 | D        | Gained mutation: A meltable icy envelope protects you from harm. (AC +0) [demonic ancestry]
   204 | D        | Reached XP level 6. HP: 20/53 MP: 6/6
   397 | D        | Noticed a troll
   397 | D        | Noticed a troll
   397 | D        | Noticed an ice beast
   397 | D        | Noticed an orc warrior
   401 | D        | Killed an orc warrior
   401 | D        | Reached * piety under Okawaru
   403 | D        | Killed an ice beast
   408 | D        | Killed a troll
   408 | D        | Reached skill level 5 in Throwing
   408 | D        | Reached skill level 5 in Stealth
   408 | D        | Gained mutation: You have large cloven feet. [demonic ancestry]
   408 | D        | Reached XP level 7. HP: 36/61 MP: 7/7
   412 | D        | Killed a troll
   412 | D        | Reached skill level 5 in Armour
   417 | D        | Reached ** piety under Okawaru
   681 | D        | Noticed a spiny frog
   681 | D        | Noticed a yak
   683 | D        | Reached skill level 1 in Invocations
   683 | D        | Gained mutation: Your movements are slightly less encumbered by armour. (ER -2) [demonic ancestry]
   683 | D        | Reached XP level 8. HP: 69/69 MP: 5/8
   697 | D        | Killed a spiny frog
   707 | D        | Reached *** piety under Okawaru
   707 | D        | Gained mutation: You have hoof-like feet. [demonic ancestry]
   707 | D        | Reached XP level 9. HP: 69/78 MP: 5/12
   857 | D        | Noticed a polar bear
   857 | D        | Noticed an eight-headed hydra
   865 | D        | Killed a four-headed hydra
   865 | D        | Reached skill level 10 in Fighting
   865 | D        | Reached skill level 5 in Invocations
   866 | D        | Noticed a spiny frog
   872 | D        | Killed a polar bear
   872 | D        | Reached skill level 10 in Long Blades
   872 | D        | Reached skill level 10 in Dodging
   873 | D        | Received a gift from Okawaru
   878 | D        | Reached **** piety under Okawaru
   883 | D        | Killed a spiny frog
  1013 | D        | Received a gift from Okawaru
  1013 | D        | Reached XP level 10. HP: 87/87 MP: 11/14
  1143 | D        | Noticed Josephine
  1155 | D        | Killed Josephine
  1155 | D        | Received a gift from Okawaru
  1277 | D        | Noticed an orc knight
  1277 | D        | Received a gift from Okawaru
  1302 | D        | Killed an orc knight
  1996 | D        | Reached ***** piety under Okawaru
  2003 | D        | Noticed an orc high priest
  2006 | D        | Noticed a smoke demon
  2021 | D        | Killed an orc high priest
  2021 | D        | Gained mutation: You are partially covered in sharp spines. [demonic ancestry]
  2021 | D        | Reached XP level 11. HP: 55/96 MP: 17/17
  2698 | D        | Found Ustitsan's Book Boutique.
  2698 | D        | Noticed a two-headed ogre
  2698 | D        | Noticed a two-headed ogre
  2698 | D        | Noticed an ogre mage
  2698 | D        | Noticed an ogre mage
  2704 | D        | Killed an ogre mage
  2705 | D        | Found Worrom's General Store.
  2707 | D        | Killed a two-headed ogre
  2707 | D        | Received a gift from Okawaru
  2708 | D        | Noticed an ogre mage
  2708 | D        | Killed an ogre mage
  2710 | D        | Killed a two-headed ogre
  2711 | D        | Found Qang's Book Boutique.
  2712 | D        | Noticed a two-headed ogre
  2715 | D        | Killed an ogre mage
  2716 | D        | Found Igyta's Armour Shop.
  2717 | D        | Noticed a two-headed ogre
  2718 | D        | Noticed an ogre mage
  2720 | D        | Noticed a two-headed ogre
  2721 | D        | Killed a two-headed ogre
  2725 | D        | Killed a two-headed ogre
  2725 | D        | Reached skill level 10 in Invocations
  2729 | D        | Killed an ogre mage
  2736 | D        | Killed a two-headed ogre
  3464 | D        | Bought a +0 pair of boots of stealth for 115 gold pieces
  3464 | D        | Bought the +0 mask of the Dragon {MR+ Slay+3 SInv} for 334 gold pieces
  3464 | D        | Found the +0 mask of the Dragon {MR+ Slay+3 SInv}
  3464 | D        | Bought the +1 chain mail of Kulug {rC+ Str+4} for 319 gold pieces
  4150 | D        | Noticed Maurice
  4155 | D        | Killed Maurice
  4185 | D        | Noticed Joseph
  4189 | D        | Killed Joseph
  4189 | D        | Reached skill level 10 in Stealth
  4236 | D        | Noticed Grum
  4239 | D        | Killed Grum
  5170 | D        | Got the +2 scale mail of Satisfaction {+Inv Int+2}
  6096 | D        | Noticed a two-headed ogre
  6096 | D        | Noticed an unseen horror
  6105 | D        | Gained mutation: You are robust. (+10% HP) [demonic ancestry]
  6105 | D        | Reached XP level 12. HP: 99/116 MP: 12/20
  6112 | D        | Noticed a spark wasp
  6118 | D        | Killed a two-headed ogre
  6120 | D        | Noticed a stone giant
  6129 | D        | Noticed an ogre mage
  6131 | D        | Killed a spark wasp
  6135 | D        | Noticed a deep troll earth mage
  6140 | D        | Killed a stone giant
  6140 | D        | Reached skill level 10 in Throwing
  6144 | D        | Killed an ogre mage
  6149 | D        | Noticed a spark wasp
  6152 | D        | Killed a deep troll earth mage
  6158 | D        | Killed a spark wasp
  6158 | D        | Received a gift from Okawaru
  6158 | D        | Reached skill level 10 in Armour
  7157 | D        | Noticed Azrael
  7167 | D        | Killed Azrael
  7167 | D        | Reached skill level 15 in Fighting
  7243 | D        | Noticed an alligator
  7243 | D        | Noticed a ghost crab
  7243 | D        | Noticed a six-headed hydra
  7246 | D        | Noticed an eight-headed hydra
  7252 | D        | Killed a five-headed hydra
  7261 | D        | Killed a ghost crab
  7268 | D        | Killed an alligator
  7271 | D        | Killed a six-headed hydra
  7459 | D        | Noticed an anaconda
  7459 | D        | Noticed an anaconda
  7460 | D        | Noticed a nagaraja
  7464 | D        | Reached XP level 13. HP: 107/127 MP: 14/22
  7486 | D        | Killed a nagaraja
  7522 | D        | Gained mutation: Your magical capacity is low. (-10% MP) [mutagenic meat]
  7523 | D        | Gained mutation: Armour fits poorly on your strangely shaped body. [mutagenic meat]
  8109 | D        | Lost mutation: Your magical capacity is low. (-10% MP) [potion of mutation]
  8109 | D        | Lost mutation: Armour fits poorly on your strangely shaped body. [potion of mutation]
  8109 | D        | Gained mutation: You are weak. (Str -2) [potion of mutation]
  8109 | D        | Gained mutation: You have hooves in place of feet. [potion of mutation]
  8109 | D        | Gained mutation: Your flesh is very cold resistant. (rC++) [potion of mutation]
  8109 | D        | Gained mutation: You are agile. (Dex +2) [potion of mutation]
  8691 | D        | Noticed a merfolk javelineer
  8696 | D        | Received a gift from Okawaru
  8696 | D        | Reached skill level 15 in Long Blades
  8696 | D        | Reached skill level 15 in Dodging
  8706 | D        | Killed a merfolk javelineer
  8707 | D        | Reached ****** piety under Okawaru
  8707 | D        | Received a gift from Okawaru
 10025 | D        | Noticed Saint Roka
 10037 | D        | Killed Saint Roka
 10056 | D        | Noticed Sonja
 10066 | D        | Killed Sonja
 11438 | D        | Noticed a fire dragon
 11439 | D        | Noticed a fire giant
 11442 | D        | Noticed a golden dragon
 11444 | D        | Noticed a storm dragon
 11446 | D        | Noticed a golden dragon
 11448 | D        | Killed a fire dragon
 11451 | D        | Killed a fire giant
 11451 | D        | Mutation became permanent: You have hoof-like feet. [demonic ancestry]
 11451 | D        | Gained mutation: You have hooves in place of feet. [demonic ancestry]
 11451 | D        | Reached XP level 14. HP: 114/140 MP: 17/24
 11458 | D        | Killed a golden dragon
 11465 | D        | Killed a storm dragon
 11465 | D        | Received a gift from Okawaru
 11472 | D        | Killed a golden dragon
 11472 | D        | Reached skill level 15 in Invocations
 11488 | D        | Received a gift from Okawaru
 12998 | D        | Noticed an ironheart preserver
 13004 | D        | Killed an ironheart preserver
 13006 | D        | Received a gift from Okawaru
 13007 | D        | Noticed an ironheart preserver
 13014 | D        | Got a dazzling triple sword {god gift}
 13015 | D        | Identified the +7 triple sword "Moaven" {pain, Str+5 Dex-5} (Okawaru gifted it to you in the Dungeon)
 13017 | D        | Killed an ironheart preserver
 13021 | D        | Noticed a stone giant
 13024 | D        | Noticed a frost giant
 13029 | D        | Killed a stone giant
 13044 | D        | Killed a frost giant
 13046 | D        | Received a gift from Okawaru
 16615 | D        | Got the +0 pair of gloves "Amaej" {rF++ rN+ rCorr Dex-3}
 16621 | D        | Got the +2 chain mail "Baufeirph" {Int+3}
 17554 | D        | Lost mutation: You are agile. (Dex +2) [potion of mutation]
 17554 | D        | Lost mutation: Your flesh is very cold resistant. (rC++) [potion of mutation]
 17554 | D        | Lost mutation: You are weak. (Str -2) [potion of mutation]
 17554 | D        | Gained mutation: You are very robust. (+20% HP) [potion of mutation]
 17554 | D        | Gained mutation: Your muscles are strong. (Str +2) [potion of mutation]
 17554 | D        | Gained mutation: Your system is resistant to poisons. (rPois) [potion of mutation]
 18468 | D        | Noticed Jory
 18486 | D        | Killed Jory
 18486 | D        | Received a gift from Okawaru
 18486 | D        | Reached XP level 15. HP: 45/166 MP: 24/27
 18504 | D        | Noticed Mara
 18511 | D        | Noticed Kidiri's illusion
 18515 | D        | Killed Mara
 18515 | D        | Received a gift from Okawaru
 18878 | D        | Noticed a ghost moth
 18894 | D        | Killed a ghost moth
 18901 | D        | Noticed a ghost moth
 18921 | D        | Killed a ghost moth
 18936 | D        | Got a gossamer rune of Zot
 18949 | D        | Gained mutation: You have very sharp teeth. [mutagenic meat]
 18950 | D        | Gained mutation: Your magical capacity is low. (-10% MP) [mutagenic meat]
 18951 | D        | Lost mutation: You are very robust. (+20% HP) [mutagenic meat]
 18952 | D        | Gained mutation: Scrolls take you a little longer to read. [mutagenic meat]
 19065 | D        | Reached skill level 15 in Stealth
 19075 | D        | Received a gift from Okawaru
 19079 | D        | Got a pitted great sword {god gift}
 19080 | D        | Identified the +9 great sword "Newtbane" {freeze, rElec Str+4} (Okawaru gifted it to you in the Dungeon)
 19098 | D        | Got a decaying rune of Zot
 21065 | D        | Noticed a nagaraja
 21065 | D        | Noticed a nagaraja
 21072 | D        | Killed a nagaraja
 21075 | D        | Noticed a nagaraja
 21083 | D        | Killed a nagaraja
 21084 | D        | Noticed a nagaraja
 21087 | D        | Killed a nagaraja
 21089 | D        | Noticed a nagaraja
 21106 | D        | Killed a nagaraja
 21109 | D        | Killed a nagaraja
 21119 | D        | Got a serpentine rune of Zot
 21155 | D        | Lost mutation: Your muscles are strong. (Str +2) [mutagenic meat]
 21157 | D        | Gained mutation: You possess an exceptional clarity of mind. [mutagenic meat]
 23146 | D        | Noticed Ilsuiw
 23155 | D        | Received a gift from Okawaru
 23155 | D        | Reached XP level 16. HP: 166/167 MP: 19/26
 23160 | D        | Got a polished buckler {god gift}
 23169 | D        | Killed Ilsuiw
 23200 | D        | Reached skill level 15 in Throwing
 23212 | D        | Got a barnacled rune of Zot
 27306 | D        | Noticed Louise
 27316 | D        | Killed Louise
 27397 | D        | Reached skill level 15 in Armour
 27460 | D        | Received a gift from Okawaru
 27476 | D        | Received a gift from Okawaru
 32197 | D        | Noticed a golden dragon
 32210 | D        | Killed a golden dragon
 32210 | D        | Received a gift from Okawaru
 32219 | D        | Received a gift from Okawaru
 32221 | D        | Gained mutation: Your spells are a little harder to cast, but a little more powerful. [a shining eye]
 32234 | D        | Noticed a shadow dragon
 32235 | D        | Noticed a shadow dragon
 32243 | D        | Noticed a tengu reaver
 32244 | D        | Identified Doetack's Handbook of Execration
 32256 | D        | Killed a shadow dragon
 32268 | D        | Killed a shadow dragon
 32278 | D        | Killed a tengu reaver
 36874 | D        | Noticed a shadow dragon
 36874 | D        | Noticed a shadow dragon
 36874 | D        | Noticed a shadow dragon
 36884 | D        | Killed a shadow dragon
 36884 | D        | Received a gift from Okawaru
 36884 | D        | Gained mutation: You are very robust. (+20% HP) [demonic ancestry]
 36884 | D        | Reached XP level 17. HP: 172/195 MP: 20/28
 36885 | D        | Noticed a quicksilver dragon
 36933 | D        | Killed a quicksilver dragon
 36936 | D        | Got a bound lapis lazuli ring
 36938 | D        | Identified the ring "Tauhos" {rPois rF+ Str+3 Int+3 Stlth+} (You found it in the Dungeon)
 36943 | D        | Got a silver rune of Zot
 39231 | D        | Got a fine great sword {god gift}
 39232 | D        | Identified the +3 great sword of the Battered Mice {antimagic, rElec Str-5 Dex+8 Stlth+} (Okawaru gifted it to you in the Dungeon)
 39332 | D        | Noticed Frederick
 39346 | D        | Noticed Mennas
 39346 | D        | Killed Frederick
 39346 | D        | Received a gift from Okawaru
 39369 | D        | Killed Mennas
 39467 | D        | Got the ring "Giplopiyss" {rCorr Str+2}
 39469 | D        | Got the ring "Ypneaffi" {MR+ Int+4 SInv Stlth+}
 39471 | D        | Got the amulet of Xom's Fury {Faith +Fly Str+5 Dex-5}
 39473 | D        | Got the ring of Owul {rC+ Str+2 Int+3 SInv}
 39475 | D        | Got the amulet "Gunoavec" {Faith Int+6}
 39481 | D        | Got the +5 lajatang of Propriety {flame, rC++ Int+2 Dex-2}
 39483 | D        | Got the +5 great mace of Tartarus {holy, rElec}
 39487 | D        | Got the +5 triple sword "Cemuxuf" {slice, +Fly Str+7 Int+2}
 39493 | D        | Got the +5 great sword of Guilt {freeze, rC+}
 39519 | D        | Lost mutation: Your magical capacity is low. (-10% MP) [potion of mutation]
 39519 | D        | Lost mutation: Your system is resistant to poisons. (rPois) [potion of mutation]
 39519 | D        | Lost mutation: Your spells are a little harder to cast, but a little more powerful. [potion of mutation]
 39519 | D        | Gained mutation: You are resistant to hostile enchantments. (MR+) [potion of mutation]
 39687 | D        | Noticed Xtahua
 39698 | D        | Killed Xtahua
 39722 | D        | Noticed Margery
 39731 | D        | Killed Margery
 39808 | D        | Noticed a golden dragon
 39830 | D        | Killed a golden dragon
 39879 | D        | Noticed a bone dragon
 39901 | D        | Killed a bone dragon
 40006 | D        | Gained mutation: Your movements are less encumbered by armour. (ER -4) [demonic ancestry]
 40006 | D        | Reached XP level 18. HP: 203/212 MP: 27/33
 40066 | D        | Received a gift from Okawaru
 40067 | D        | Got a shimmering scimitar {god gift}
 40068 | D        | Identified the +8 scimitar of the Moon {protect, rElec MR- Dex+3} (Okawaru gifted it to you in the Dungeon)
 40163 | D        | Noticed a tentacled monstrosity
 40168 | D        | Noticed a tentacled monstrosity
 40177 | D        | Killed a tentacled monstrosity
 40177 | D        | Received a gift from Okawaru
 40193 | D        | Killed a tentacled monstrosity
 40214 | D        | Got a shimmering great sword {god gift}
 40215 | D        | Identified the +4 great sword of Rirhowische {slice, Str+5} (Okawaru gifted it to you in the Dungeon)
 40327 | D        | Noticed a Killer Klown
 40331 | D        | Killed a Killer Klown
 40491 | D        | Noticed an Orb Guardian
 40491 | D        | Noticed an Orb Guardian
 40491 | D        | Noticed an Orb Guardian
 40491 | D        | Noticed an Orb Guardian
 40491 | D        | Noticed an Orb Guardian
 40491 | D        | Noticed an Orb Guardian
 40495 | D        | Killed an Orb Guardian
 40495 | D        | Received a gift from Okawaru
 40495 | D        | Killed an Orb Guardian
 40496 | D        | Noticed an Orb Guardian
 40497 | D        | Killed an Orb Guardian
 40497 | D        | Killed an Orb Guardian
 40497 | D        | Received a gift from Okawaru
 40500 | D        | Killed an Orb Guardian
 40502 | D        | Killed an Orb Guardian
 40503 | D        | Noticed an Orb Guardian
 40504 | D        | Killed an Orb Guardian
 40504 | D        | Reached skill level 27 in Fighting
 40505 | D        | Noticed an Orb Guardian
 40506 | D        | Noticed an Orb Guardian
 40507 | D        | Killed an Orb Guardian
 40518 | D        | Killed an Orb Guardian
 40520 | D        | Killed an Orb Guardian
 40608 | D        | Noticed a tentacled monstrosity
 40608 | D        | Noticed an Orb Guardian
 40608 | D        | Noticed an Orb Guardian
 40608 | D        | Noticed a tentacled monstrosity
 40613 | D        | Noticed an Orb Guardian
 40613 | D        | Killed a tentacled monstrosity
 40616 | D        | Noticed an Orb Guardian
 40618 | D        | Killed a tentacled monstrosity
 40619 | D        | Killed an Orb Guardian
 40623 | D        | Killed an Orb Guardian
 40623 | D        | Received a gift from Okawaru
 40623 | D        | Reached XP level 19. HP: 225/226 MP: 28/35
 40645 | D        | Got a slimy great sword {god gift}
 40646 | D        | Identified the +4 great sword of Okawaru's Favour {freeze, Str+4 Dex+4} (Okawaru gifted it to you in the Dungeon)
 40657 | D        | Noticed an ancient lich
 40661 | D        | Killed an ancient lich
 40665 | D        | Noticed an orb of fire
 40673 | D        | Gained mutation: Your magical capacity is low. (-10% MP) [an orb of fire]
 40674 | D        | Killed an orb of fire
 40677 | D        | Noticed an electric golem
 40679 | D        | Killed an electric golem
 40682 | D        | Noticed an ancient lich
 40682 | D        | Noticed a Killer Klown
 40682 | D        | Noticed an orb of fire
 40682 | D        | Gained mutation: You do not regenerate when monsters are visible. [an orb of fire]
 40683 | D        | Noticed an orb of fire
 40690 | D        | Killed an orb of fire
 40690 | D        | Received a gift from Okawaru
 40691 | D        | Killed an ancient lich
 40691 | D        | Received a gift from Okawaru
 40691 | D        | Reached skill level 27 in Long Blades
 40691 | D        | Reached skill level 27 in Dodging
 40692 | D        | Noticed an ancient lich
 40692 | D        | Killed a Killer Klown
 40696 | D        | Noticed an orb of fire
 40696 | D        | Gained mutation: You are clumsy. (Dex -2) [an orb of fire]
 40697 | D        | Gained mutation: You are weak. (Str -2) [an orb of fire]
 40702 | D        | Killed an orb of fire
 40702 | D        | Reached skill level 27 in Invocations
 40706 | D        | Noticed a golden dragon
 40708 | D        | Killed an ancient lich
 40708 | D        | Gained mutation: Potions are less effective at restoring your health. [an orb of fire]
 40724 | D        | Killed an orb of fire
 40732 | D        | Noticed a golden dragon
 40738 | D        | Killed a golden dragon
 40755 | D        | Killed a golden dragon
 41093 | D        | Received a gift from Okawaru
 41094 | D        | Gained mutation: You are mostly covered in sharp spines. [demonic ancestry]
 41094 | D        | Reached XP level 20. HP: 236/236 MP: 26/33
 41480 | D        | Noticed an ancient lich
 41488 | D        | Killed an ancient lich
 41488 | D        | Received a gift from Okawaru
 41698 | D        | Received a gift from Okawaru
 41699 | D        | Found the +0 Maxwell's etheric cage {RegenMP+ *Contam rElec MP+4}
 41804 | D        | Reached skill level 27 in Stealth
 41848 | D        | Reached skill level 27 in Armour
 41877 | D        | Got an elven rune of Zot
 42055 | D        | Reached skill level 1 in Evocations
 42057 | D        | Paralysed by a floating eye for 4 turns
 42066 | D        | Noticed the Royal Jelly
 42098 | D        | Killed the Royal Jelly
 42098 | D        | Reached skill level 27 in Throwing
 42098 | D        | Reached skill level 15 in Evocations
 42146 | D        | Reached XP level 21. HP: 204/244 MP: 34/34
 42182 | D        | Received a gift from Okawaru
 42196 | D        | Got a slimy rune of Zot
 43123 | D        | Noticed a greater mummy
 43123 | D        | Noticed a greater mummy
 43123 | D        | Noticed a greater mummy
 43123 | D        | Noticed a greater mummy
 43124 | D        | Noticed a greater mummy
 43127 | D        | Killed a greater mummy
 43145 | D        | HP: 7/244 [greater mummy/divine providence (13)]
 43724 | D        | Killed a greater mummy
 43724 | D        | Received a gift from Okawaru
 43793 | D        | Killed a greater mummy
 43793 | D        | Reached skill level 27 in Evocations
 44307 | D        | Killed a greater mummy
 44307 | D        | Received a gift from Okawaru
 44323 | D        | Killed a greater mummy
 44709 | D        | Noticed a greater mummy
 44723 | D        | Killed a greater mummy
 44723 | D        | Reached skill level 10 in Unarmed Combat
 44723 | D        | Reached skill level 10 in Spellcasting
 44755 | D        | Got a golden rune of Zot
 44998 | D        | Got an abyssal rune of Zot
 45293 | D        | Noticed Geryon
 45303 | D        | Killed Geryon
 45321 | D        | Noticed Cerebov
 45321 | D        | Noticed Ereshkigal
 45322 | D        | Noticed Asmodeus
 45324 | D        | Noticed Gloorx Vloq
 45368 | D        | Killed Ereshkigal
 45389 | D        | HP: 2/244 [Cerebov/great blast of fire (28)]
 45399 | D        | HP: 3/244 [hellion/damnation[Cerebov] (17)]
 45404 | D        | Killed from afar by a hellion

Vault maps used:
D:        linesprint

Skill      XL: |  1  2  3  4  5  6  7  8  9 10 11 12 13 14 15 16 17 18 19 20 21 |
---------------+----------------------------------------------------------------+-----
Long Blades    | 3 4 5 6 7 8 9 10 11 13 14 16 17 19 21 23 25 27 | 27.0
Throwing       | 2 3 4 5 6 7 8 9 10 11 13 14 16 17 19 22 27 | 27.0
Dodging        | 3 4 5 6 7 8 9 10 11 13 14 16 17 19 21 23 25 27 | 27.0
Fighting       | 3 4 5 6 7 8 9 11 12 13 15 17 19 21 23 25 27 | 27.0
Armour         | 1 2 3 4 5 6 7 8 9 10 11 13 14 16 18 20 24 27 | 27.0
Stealth        | 1 2 3 4 5 6 7 8 10 11 12 14 15 17 19 20 24 27 | 27.0
Invocations    | 1 4 6 8 10 12 14 16 18 20 22 25 27 | 27.0
Evocations     | 17 27 | 27.0
Unarmed Combat | 13 | 13.7
Spellcasting   | 13 | 13.7

Action                   |  1- 3 |  4- 6 |  7- 9 | 10-12 | 13-15 | 16-18 | 19-21 || total
-------------------------+-------+-------+-------+-------+-------+-------+-------++-------
Melee: Long sword        |    38 |       |       |       |       |       |       ||    38
       Scimitar          |     8 |    19 |    70 |   109 |    27 |     8 |       ||   241
       Kick              |       |       |    39 |    65 |   146 |   242 |   239 ||   731
       Punch             |       |       |     1 |     7 |     1 |       |       ||     9
       Great sword       |       |       |       |   124 |    63 |       |       ||   187
       Triple sword      |       |       |       |       |   164 |   445 |   430 ||  1039
       Bite              |       |       |       |       |    13 |    94 |    81 ||   188
Throw: Throwing net      |       |     2 |     1 |     1 |       |       |       ||     4
       Javelin           |       |       |       |    32 |    69 |    55 |    86 ||   242
       Tomahawk          |       |       |       |    13 |     9 |     9 |     6 ||    37
Invok: Heroism           |       |       |     4 |    10 |    11 |    14 |    13 ||    52
       Finesse           |       |       |       |     5 |    10 |    13 |    13 ||    41
  Use: Potion            |     2 |       |     1 |     4 |     7 |     3 |    11 ||    28
       Scroll            |       |       |       |       |    11 |     3 |       ||    14
 Stab: Held in net/web   |       |     2 |       |       |       |       |       ||     2
       Sleeping          |       |       |       |     1 |       |       |     3 ||     4
       Distracted        |       |       |       |       |       |       |     1 ||     1
  Eat: Chunk             |       |       |     1 |     1 |     9 |     3 |     2 ||    16
       Fruit             |       |       |       |    23 |    17 |       |       ||    40
       Bread ration      |       |       |       |       |     6 |     8 |       ||    14
       Meat ration       |       |       |       |       |     1 |     3 |     3 ||     7
Armor: Leather armour    |    10 |     7 |     6 |     5 |       |       |       ||    28
       Scale mail        |       |       |       |    14 |       |       |       ||    14
       Chain mail        |       |       |       |    13 |    12 |       |       ||    25
       Gold dragon scale |       |       |       |       |    82 |   117 |   110 ||   309
Dodge: Dodged            |    41 |    19 |    72 |   152 |   204 |   235 |   164 ||   887
       Rpst.: Long sword |    14 |       |       |       |       |       |       ||    14
       Scimitar          |     3 |     5 |    20 |    15 |     6 |     3 |       ||    52
       Great sword       |       |       |       |    20 |     9 |       |       ||    29
       Triple sword      |       |       |       |       |    10 |    33 |    29 ||    72

Table legend:
 A = Spawn XP
 B = Non-spawn XP
 C = Spawn XP percentage of total XP
 D = Spawn monster count
 E = Non-spawn monster count
 F = Spawn count percentage of total count
 G = Total turns spent on level
                    A         B        C        D         E        F      G
               +---------+---------+-------+---------+---------+-------+---------
         Total |       0 |  684918 |   0.0 |       0 |     529 |   0.0 | 45404
               +---------+---------+-------+---------+---------+-------+---------
             D |       0 |  684918 |   0.0 |       0 |     529 |   0.0 | 45404
               +---------+---------+-------+---------+---------+-------+---------
